 Dungeon Crawl Stone Soup version 0.24-a0-201-gf205589 (console) character file.

Game seed: 12518936033392511544

32 Voker57 the Slasher (level 3, 0/28 HPs)
             Began as a Demonspawn Gladiator on Mar 22, 2019.
             Was a Follower of Yredelemnul.
             Slain by a jackal (1 damage)
             ... on level 2 of the Dungeon.
             The game lasted 00:01:15 (1120 turns).

Voker57 the Slasher (Demonspawn Gladiator)          Turns: 1120, Time: 00:01:15

Health: 0/28       AC:  4    Str: 19    XL:     3   Next: 10%
Magic:  2/3        EV: 13    Int:  9    God:    Yredelemnul [*.....]
Gold:   31         SH:  0    Dex: 15    Spells: 2/2 levels left

rFire    . . .     SeeInvis .   a - +0 long sword
rCold    . . .     Gourm    .   (no shield)
rNeg     . . .     Faith    .   b - +0 leather armour
rPois    .         Spirit   .   c - +0 helmet
rElec    .         Reflect  .   (no cloak)
rCorr    .         Harm     .   (no gloves)
MR       .....                  (no boots)
Stlth    +.........             (no amulet)
HPRegen  0.09/turn              (no ring)
MPRegen  0.08/turn              (no ring)

@: mighty
A: powered by death 1
a: Animate Remains, Renounce Religion


You were on level 2 of the Dungeon.
You worshipped Yredelemnul.
Yredelemnul was aware of your devotion.
You were very hungry.

You visited 1 branch of the dungeon, and saw 2 of its levels.

You collected 31 gold pieces.

Inventory:

Hand Weapons
 a - a +0 long sword (weapon)
Armour
 b - a +0 leather armour (worn)
 c - a +0 helmet (worn)
Scrolls
 g - 2 scrolls of remove curse {unknown}
 h - a scroll of identify {unknown}
 i - 3 scrolls of fog {unknown}
 k - a scroll of blinking {unknown}
Potions
 e - a potion of might
 j - a potion of magic {unknown}
Comestibles
 f - 3 rations


   Skills:
 + Level 2.4 Fighting
 * Level 3.3 Long Blades
 - Level 1.7 Throwing
 + Level 3.0 Dodging
 + Level 0.0 Invocations


You had 2 spell levels left.
You didn't know any spells.
Your spell library was empty.

Dungeon Overview and Level Annotations

Branches:
Dungeon (2/15)

Altars:
Yredelemnul


Innate Abilities, Weirdness & Mutations

You regenerate a little health from kills.


Message History

Your kobold zombie hits the ice beast with a +0 short sword.
The ice beast barely misses you.
Your kobold zombie closely misses the ice beast.
The rat barely misses you.
The frilled lizard completely misses you.
The jackal bites you.
* * * LOW HITPOINT WARNING * * *
The frilled lizard barely misses you.
Found 23 stones.
A jackal comes into view.
The jackal barks!
The jackal barely misses you.
It was a potion of might.
You feel very mighty all of a sudden. The rat bites you but does no damage.
The jackal barely misses you. The rat closely misses you.
A jackal comes into view.
The jackal bites you.
You die...
Your body rises from the dead as a mindless zombie.

...###...#..###.#
................####
......#.......#...h.#
..#......#.h.Z.####...
.....#.....#...####
.#. ..#....#....#..#..
.. ..#...#...#..Z##.#
.#
#..#..#..#.Yl#.##..##.
#.#.#.#.#.#.#.r.......
# ##.##.##h######. ##
.###@# #. #....# (#
##...# ## .### .# .#
.# .#


You could see 2 jackals, a frilled lizard, a rat and a friendly kobold zombie.

Vanquished Creatures
  3 worms (D:2)
  3 bats
  A giant cockroach (D:1)
  5 goblins
  3 hobgoblins
  A frilled lizard (D:2)
  4 kobolds
  4 rats
24 creatures vanquished.

Notes
Turn   | Place    | Note
-------+----------+-------------------------------------------
     0 | D:1      | Voker57 the Demonspawn Gladiator began the quest for the
                  | Orb.
     0 | D:1      | Reached XP level 1. HP: 16/16 MP: 1/1
   335 | D:1      | Gained mutation: You regenerate a little health from kills.
                  | [demonic ancestry]
   335 | D:1      | Reached XP level 2. HP: 20/22 MP: 2/2
   953 | D:2      | Found a faded altar of an unknown god.
   962 | D:2      | Reached XP level 3. HP: 28/28 MP: 3/3
   966 | D:2      | Became a worshipper of Yredelemnul the Dark
   966 | D:2      | Reached * piety under Yredelemnul
  1079 | D:2      | Noticed an ice beast
  1115 | D:2      | HP: 1/28 [jackal (3)]
  1120 | D:2      | Slain by a jackal

Levels and vault maps discovered:
D:1:      lightli_arrival_isolated_outpost, layout_basic
D:2:      layout_loops_cross, chequers_ecumenical_altar_simple,
          minmay_increasing_density, uniq_robin

Skill      XL: |  1  2 |
---------------+-------+-----
Long Blades    | 3 |  3.3
Dodging        | 3 |  3.0
Fighting       | |  2.4
Throwing       | |  1.7

Action                   || total
-------------------------++-------
Melee: Long sword        ||    89
Throw: Throwing net      ||     3
Invok: Animate Remains   ||     1
  Use: Potion            ||     1
 Stab: Sleeping          ||     1
Armor: Leather armour    ||    26
Dodge: Dodged            ||    64
       Rpst.: Long sword ||    20

Table legend:
 A = Non-vault XP
 B = Vault XP
 C = Vault XP percentage of total XP
 D = Non-vault monster count
 E = Vault monster count
 F = Vault count percentage of total count
                 A         B        C        D         E       F
            +---------+---------+-------+---------+---------+-------
      Total |      47 |       0 |   0.0 |      24 |       0 |   0.0
            +---------+---------+-------+---------+---------+-------
        D:1 |      16 |       0 |   0.0 |      10 |       0 |   0.0
        D:2 |      31 |       0 |   0.0 |      14 |       0 |   0.0
            +---------+---------+-------+---------+---------+-------
